[Event "Friday 12 January Rapid Engine Tour12+1 Rponds 9 Starts 1600 ST"]
[Site "Infinity Chess"]
[Date "2018.1.12"]
[Round "5"]
[White "Gilgamesch"]
[Black "neófito"]
[Result "1/2-1/2"]
[ECO "C11"]
[WhiteElo "2508"]
[BlackElo "2425"]
[WhiteEngine "BrainFish_171005_x64_bmi2"]
[BlackEngine "BrainFish_180106_x64_bmi2_CTG"]
[EventType "Swiss"]
[WhiteTeam ""]
[BlackTeam ""]
[PlyCount "116"]
[TimeControl "720+1"]

1. e4 e6 2. d4 d5 3. Nc3 Nf6 4. e5 Nfd7 5. f4 c5 6. Nf3 Nc6 7. Be3 Qb6 
8. Na4 Qa5+ 9. c3 c4 10. b4 Qc7 11. Be2 b5 12. Nc5 Nxc5 13. bxc5 Rb8 14. Bd2 a5 
15. a3 b4 16. axb4 axb4 17. cxb4 Nxb4 18. Bc3 Be7 19. h4 Nc6 20. h5 O-O 
21. Qd2 f6 22. Bd1 fxe5 23. fxe5 Na7 24. Bc2 Nb5 25. Ba5 Qc6 26. h6 g6 
27. Ba4 Qe8 28. Bxb5 Rxb5 29. Bc7 g5 30. Bd6 g4 31. Bxe7 Qxe7 32. Qg5+ Qxg5 
33. Nxg5 Rf5 34. Ra8 Rb1+ 35. Kd2 Rxh1 36. Rxc8+ Rf8 37. Rxf8+ Kxf8 
38. Nxe6+ Kf7 39. Nf4 Rh2 40. Ke3 Rxh6 41. Nxd5 Ra6 42. Nf4 h5 43. Nxh5 Ra3+ 
44. Ke4 Ra4 45. Nf4 c3 46. Ne2 c2 47. Kd3 Ra2 48. g3 Ke7 49. d5 Ke8 50. c6 Ra5 
51. Kxc2 Rxd5 52. Nc3 Rxe5 53. Kd3 Re1 54. c7 Kd7 55. c8=Q+ Kxc8 56. Ne4 Kb8 
57. Kd4 Rf1 58. Nd2 Rg1 1/2-1/2

[Event "Friday 12 January Rapid Engine Tour12+1 Rponds 9 Starts 1600 ST"]
[Site "Infinity Chess"]
[Date "2018.1.12"]
[Round "4"]
[White "Thor"]
[Black "MedusaV3"]
[Result "1-0 "]
[ECO "C55"]
[WhiteElo "2287"]
[BlackElo "2358"]
[WhiteEngine "asmFishW_2017-11-19_bmi2"]
[BlackEngine "komodo-11.2.2-64bit"]
[EventType "Swiss"]
[WhiteTeam ""]
[BlackTeam ""]
[PlyCount "141"]
[TimeControl "720+1"]

1. e4 e5 2. Nf3 Nc6 3. Bc4 Nf6 4. d3 Bc5 5. c3 O-O 6. O-O d6 7. h3 h6 8. Re1 a6 
9. a4 Ba7 10. Nbd2 Nh5 11. Nf1 Qf6 12. N1h2 Qg6 13. g4 Nf6 14. Nh4 Qh7 
15. N2f3 Be6 16. Bb3 Rae8 17. Bc2 g6 18. Qd2 h5 19. g5 Nd7 20. Kh2 Qg7 
21. b4 Bb6 22. Rb1 Ba2 23. Ra1 Be6 24. a5 Ba7 25. Bb2 Ne7 26. d4 c6 27. Rad1 Bc4 
28. Bd3 Bb3 29. Rc1 Be6 30. dxe5 Nxe5 31. c4 Bb8 32. Kh1 c5 33. b5 Bc7 
34. Be2 Rc8 35. b6 Bb8 36. Ng1 f5 37. f4 fxe4 38. fxe5 dxe5 39. Rcd1 Nf5 
40. Nxf5 gxf5 41. Bf1 Qg6 42. Qg2 Rcd8 43. Rxd8 Rxd8 44. Ne2 Rd2 45. Bc1 Rd4 
46. Be3 Bf7 47. h4 Qc6 48. g6 Qxg6 49. Ng3 Kh8 50. Be2 Bxc4 51. Nxf5 Qxg2+ 
52. Kxg2 Bxe2 53. Rxe2 Rd3 54. Ng3 c4 55. Nxe4 Kh7 56. Nc5 e4 57. Nxb7 Ra3 
58. Bg5 Rg3+ 59. Kf2 Rf3+ 60. Ke1 Rf7 61. Nc5 Rf3 62. Rxe4 Ra3 63. Bf4 Ra1+ 
64. Ke2 Ra2+ 65. Ke3 Rxa5 66. Bxb8 Rxc5 67. Bd6 Rb5 68. b7 Rxb7 69. Re7+ Rxe7+ 
70. Bxe7 c3 71. Kd3 1-0

[Event "Friday 12 January Rapid Engine Tour12+1 Rponds 9 Starts 1600 ST"]
[Site "Infinity Chess"]
[Date "2018.1.12"]
[Round "4"]
[White "hafaba"]
[Black "SkyPilot"]
[Result "1/2-1/2 "]
[ECO "A04"]
[WhiteElo "2415"]
[BlackElo "2439"]
[WhiteEngine "Stockfish SL 07012018 POPCNT_CTG"]
[BlackEngine "stockfish_x64_bmi2_2018_01_01_CTG"]
[EventType "Swiss"]
[WhiteTeam ""]
[BlackTeam ""]
[PlyCount "169"]
[TimeControl "720+1"]

1. Nf3 c5 2. e4 d6 3. Nc3 Nf6 4. d4 cxd4 5. Nxd4 a6 6. g3 e5 7. Nf3 Be7 
8. Bg2 O-O 9. O-O b5 10. a3 Nbd7 11. Re1 Nb6 12. Nd2 Bg4 13. Bf3 Qd7 
14. Nf1 Rac8 15. Ne3 Bxf3 16. Qxf3 g6 17. Bd2 Qb7 18. Red1 Rc5 19. Nf1 Nc4 
20. Bc1 Rfc8 21. Rd3 R5c7 22. h4 h5 23. Ne3 Nb6 24. Rb1 Kg7 25. Bd2 Nc4 
26. Nxc4 Rxc4 27. Bg5 Ng4 28. Bxe7 Qxe7 29. Rbd1 a5 30. R3d2 Nf6 31. Nxb5 Nxe4 
32. Rd5 Qf6 33. Qxf6+ Nxf6 34. Nxd6 Nxd5 35. Nxc4 Nc3 36. bxc3 Rxc4 37. Rd5 Rxc3 
38. Rxa5 Kf6 39. Ra7 e4 40. a4 Ke6 41. a5 Rxc2 42. a6 Rc1+ 43. Kg2 Ra1 
44. Ra8 Kf5 45. Ra7 Ke5 46. Re7+ Kd4 47. a7 f5 48. Rd7+ Ke5 49. Rg7 Kd5 
50. Rxg6 Rxa7 51. Rg5 Ke6 52. Rxh5 Ra2 53. Rh6+ Kf7 54. Rb6 e3 55. Rb7+ Ke6 
56. Kf3 exf2 57. Rb1 Ke5 58. Rf1 f4 59. g4 Ra3+ 60. Kxf2 Ra2+ 61. Kg1 f3 
62. Rxf3 Ra4 63. Rg3 Kf4 64. Rg2 Ra1+ 65. Kh2 Ra4 66. g5 Kf5 67. Kh3 Kg6 
68. Rg4 Ra3+ 69. Kg2 Kh5 70. Rf4 Rb3 71. Kf2 Ra3 72. Rc4 Rb3 73. Rd4 Ra3 
74. Rc4 Ra2+ 75. Ke3 Ra3+ 76. Kd2 Rg3 77. Ra4 Rg1 78. Ke3 Rg3+ 79. Kd2 Rg2+ 
80. Kd3 Rg3+ 81. Kc2 Rg2+ 82. Kd3 Rg3+ 83. Ke2 Rb3 84. Kd2 Rg3 85. Rc4 1/2-1/2

[Event "Friday 12 January Rapid Engine Tour12+1 Rponds 9 Starts 1600 ST"]
[Site "Infinity Chess"]
[Date "2018.1.12"]
[Round "4"]
[White "KillBill2017"]
[Black "ocirema"]
[Result "1/2-1/2"]
[ECO "C77"]
[WhiteElo "2398"]
[BlackElo "2397"]
[WhiteEngine "asmFishW_2018-01-12_popcnt_CTG"]
[BlackEngine "stockfish_18010422_x64_modern_CTG"]
[EventType "Swiss"]
[WhiteTeam ""]
[BlackTeam ""]
[PlyCount "105"]
[TimeControl "720+1"]

1. e4 e5 2. Nf3 Nc6 3. Bb5 a6 4. Ba4 Nf6 5. O-O Be7 6. Re1 b5 7. Bb3 O-O 
8. c3 d5 9. exd5 Nxd5 10. Nxe5 Nxe5 11. Rxe5 c6 12. Re1 Bd6 13. d4 Qh4 
14. g3 Qh3 15. Qd3 Bg4 16. Qf1 Qh5 17. Nd2 Rae8 18. f3 Rxe1 19. Qxe1 Bxf3 
20. Nxf3 Qxf3 21. Bd2 Qg4 22. Kg2 Qd7 23. Qf1 Re8 24. Qd3 Bf8 25. a4 g6 
26. axb5 axb5 27. Rf1 Bg7 28. Kg1 h5 29. Qf3 b4 30. h3 bxc3 31. bxc3 Rb8 
32. Bc4 Rb2 33. Rf2 Qe6 34. Kh2 Qf6 35. Qg2 Rxd2 36. Rxd2 Ne3 37. Rf2 Nxg2 
38. Rxf6 Bxf6 39. Kxg2 Bd8 40. Bb3 Ba5 41. c4 Bc3 42. Ba4 Bxd4 43. Bxc6 f5 
44. Kf3 Kf8 45. g4 fxg4+ 46. hxg4 h4 47. Kf4 Ke7 48. Ke4 Bf6 49. c5 h3 
50. g5 Bxg5 51. Kf3 h2 52. Kg3 h1=Q 53. Bxh1 1/2-1/2

[Event "Friday 12 January Rapid Engine Tour12+1 Rponds 9 Starts 1600 ST"]
[Site "Infinity Chess"]
[Date "2018.1.12"]
[Round "4"]
[White "miguello"]
[Black "MarioDeMonti"]
[Result "1/2-1/2"]
[ECO "D47"]
[WhiteElo "2423"]
[BlackElo "2405"]
[WhiteEngine "asmFishW_2017-11-19_popcnt_CTG"]
[BlackEngine "stockfish_x64_bmi2_2018_01_01_CTG"]
[EventType "Swiss"]
[WhiteTeam ""]
[BlackTeam ""]
[PlyCount "78"]
[TimeControl "720+1"]

1. d4 d5 2. c4 e6 3. Nc3 Nf6 4. Nf3 c6 5. e3 Nbd7 6. Bd3 dxc4 7. Bxc4 b5 
8. Bd3 Bb7 9. O-O a6 10. e4 c5 11. e5 cxd4 12. Nxb5 Bxf3 13. Qxf3 Nd5 
14. Nd6+ Bxd6 15. exd6 Ne5 16. Qg3 Nxd3 17. Qxd3 O-O 18. Qxd4 Qxd6 19. Bd2 e5 
20. Qd3 f6 21. Rac1 Qe6 22. Rfe1 Rfd8 23. Ba5 Rdc8 24. g3 Rxc1 25. Rxc1 Ra7 
26. Qe4 Rd7 27. b3 h6 28. Qg6 Ne7 29. Qe8+ Kh7 30. h4 e4 31. Bb6 Qg4 32. h5 Rd1+ 
33. Rxd1 Qxd1+ 34. Kg2 Qe2 35. Qxe7 Qf3+ 36. Kf1 Qd1+ 37. Kg2 Qf3+ 38. Kf1 Qd1+ 
39. Kg2 Qf3+ 1/2-1/2

[Event "Friday 12 January Rapid Engine Tour12+1 Rponds 9 Starts 1600 ST"]
[Site "Infinity Chess"]
[Date "2018.1.12"]
[Round "4"]
[White "angriff"]
[Black "Satria_Ungu"]
[Result "1/2-1/2 "]
[ECO "C55"]
[WhiteElo "2412"]
[BlackElo "2408"]
[WhiteEngine "SF_64BIT_POPCNT_CTG"]
[BlackEngine "Houdini 6"]
[EventType "Swiss"]
[WhiteTeam ""]
[BlackTeam ""]
[PlyCount "419"]
[TimeControl "720+1"]

1. e4 e5 2. Nf3 Nc6 3. Bc4 Nf6 4. d3 Bc5 5. O-O O-O 6. c3 d6 7. Nbd2 h6 
8. Re1 Bb6 9. h3 Ne7 10. Bb3 Ng6 11. Nc4 Re8 12. Bc2 Be6 13. Nxb6 axb6 14. a3 b5 
15. d4 Bd7 16. Nh2 c5 17. d5 Rf8 18. Bd2 c4 19. Qf3 Nh7 20. Qg3 Nf6 21. Qf3 Nh7 
22. Qg3 Nf6 23. Bd1 Kh8 24. Nf1 Kh7 25. Qh2 Ra6 26. Ng3 Nh4 27. Bc2 g5 
28. f3 Rg8 29. Kh1 Ng6 30. Ne2 Nh5 31. g3 Qf6 32. Rf1 Raa8 33. Rf2 Rg7 
34. Rg1 Rag8 35. Rff1 Kh8 36. Rf2 Kh7 37. Bc1 Kh8 38. Be3 Kh7 39. Bb6 Qe7 
40. Ba5 Ra8 41. Bb4 Kh8 42. Rff1 Rh7 43. Kg2 Nf6 44. Rh1 h5 45. Qg1 Ra6 
46. Qe3 h4 47. g4 Ne8 48. Bb1 Nc7 49. Bc2 Rg7 50. b3 Rg8 51. Ra1 Rc8 
52. Rhb1 Na8 53. bxc4 Nb6 54. cxb5 Bxb5 55. Kh1 Qf6 56. Ra2 Rca8 57. Qf2 Bc4 
58. Raa1 Kg7 59. Rd1 Nd7 60. Bd3 Bxd3 61. Rxd3 Rc8 62. Rd2 b5 63. Rb2 Kh7 
64. Rba2 Nb6 65. Qf1 Ra4 66. Nc1 Nf4 67. Nd3 Nxd3 68. Qxd3 Nc4 69. Kg1 Qf4 
70. Qe2 Kg7 71. Qf2 Rh8 72. Rf1 Rha8 73. Rfa1 R4a6 74. Re1 Rh8 75. Rae2 Ra4 
76. Ra1 Raa8 77. Rea2 Rh6 78. Re2 Ra6 79. Qh2 Qf6 80. Rf2 Ra4 81. Rff1 Rh8 
82. Qe2 Rb8 83. Ra2 Rba8 84. Rfa1 Kg6 85. Kh1 Qf4 86. Qf1 Kh7 87. Qg2 Kh6 
88. Qf2 Rc8 89. Re1 Kg6 90. Qg2 Kg7 91. Qf2 Rc7 92. Kg1 Qf6 93. Kf1 Rb7 
94. Kg1 Rba7 95. Kg2 Kg6 96. Rb1 Ra8 97. Rba1 Qf4 98. Kg1 R4a7 99. Re1 Rc7 
100. Qg2 Ra4 101. Qh2 Qf6 102. Qf2 Qd8 103. Kg2 Qc8 104. Rb1 f6 105. Rc1 Ra8 
106. Rcc2 Qd7 107. Kg1 Rac8 108. Rc1 Ra7 109. Qc2 Rca8 110. Rca1 Ra4 
111. Qg2 Qa7+ 112. Qf2 Qa6 113. Qf1 Qc8 114. Qe1 R4a6 115. Kg2 R8a7 116. Qe2 Qc7 
117. Re1 Qb7 118. Rb1 Ra4 119. Kh1 Ra8 120. Kg1 Qb6+ 121. Kh1 R8a7 122. Re1 Qc7 
123. Kg2 Kh6 124. Rea1 R7a6 125. Qf2 Ra8 126. Kg1 Qb7 127. Kh2 Kg7 128. Kg1 Rc8 
129. Kg2 Kg8 130. Rh1 Kh7 131. Rf1 Rca8 132. Kg1 R8a7 133. Kg2 R7a6 
134. Rfa1 Kh6 135. Qg1 Qc8 136. Qf2 Qa8 137. Re2 Kg7 138. Rc2 Kg8 139. Qe2 Qc8 
140. Rcc1 Ra8 141. Rcb1 Kf7 142. Qd3 Qd7 143. Qe2 R8a6 144. Ra2 Qa7 
145. Qf2 Qxf2+ 146. Kxf2 Ra7 147. Rba1 R4a6 148. Ke2 Ra8 149. Rf1 Ra4 
150. Rfa1 Rf8 151. Rb1 Rc8 152. Rba1 Rca8 153. Rb1 Kg6 154. Raa1 Rc8 
155. Rh1 Kh6 156. Rhc1 Rca8 157. Kf2 R8a7 158. Kg2 Kg6 159. Kf2 R4a6 
160. Kg2 Ra8 161. Rcb1 Kf7 162. Kf2 Ra4 163. Re1 Kg7 164. Rac1 Kf8 165. Rb1 Ke7 
166. Re2 Rb8 167. Rh1 Kd7 168. Ra1 Kc7 169. Ree1 Re8 170. Rab1 Kb7 171. Ra1 Rf8 
172. Rac1 Ka7 173. Rb1 Kb6 174. Ra1 Rf7 175. Rec1 Kc7 176. Ke2 Kc8 177. Rh1 Rf8 
178. Rh2 Kd7 179. Kd3 Rc8 180. Raa2 Kd8 181. Rhe2 Ke7 182. Rec2 Ke8 183. Re2 Kf7 
184. Ra1 Kg6 185. Rae1 Kf7 186. Ra2 Ke8 187. Rg2 Raa8 188. Rge2 Kf7 189. Rg2 Kg6 
190. Rf2 Rc7 191. Rb1 Ra6 192. Re2 Ra8 193. Ra2 Kf7 194. Raa1 Rca7 195. Ke2 Nxa3 
196. Bxa3 Rxa3 197. Rxa3 Rxa3 198. Rxb5 Rxc3 199. Rb7+ Kg6 200. Rb6 Rc2+ 
201. Ke3 Rc3+ 202. Ke2 Rc2+ 203. Ke3 Rc3+ 204. Kf2 Rc2+ 205. Ke1 Rc1+ 
206. Kd2 Rh1 207. Rxd6 Rxh3 208. Ke3 Rh1 209. Ra6 Rb1 210. Kf2 1/2-1/2

[Event "Friday 12 January Rapid Engine Tour12+1 Rponds 9 Starts 1600 ST"]
[Site "Infinity Chess"]
[Date "2018.1.12"]
[Round "4"]
[White "CrapCleaner"]
[Black "KULLANI"]
[Result "1/2-1/2"]
[ECO "C50"]
[WhiteElo "2413"]
[BlackElo "2427"]
[WhiteEngine "komodo-11.01-64bit_CTG"]
[BlackEngine "BrainFish_180106_x64_CTG"]
[EventType "Swiss"]
[WhiteTeam ""]
[BlackTeam ""]
[PlyCount "135"]
[TimeControl "720+1"]

1. e4 e5 2. Nf3 Nc6 3. Bc4 Bc5 4. O-O Nf6 5. d3 d6 6. c3 a5 7. Bg5 O-O 8. a4 h6 
9. Bh4 g5 10. Bg3 Kg7 11. Nbd2 Ba7 12. Nb3 Ne7 13. Re1 Nh5 14. d4 Nxg3 
15. hxg3 Ng6 16. Nh2 c6 17. Be2 Be6 18. Ra3 d5 19. Bd3 dxe4 20. Bxe4 f5 
21. Bc2 g4 22. dxe5 Qxd1 23. Rxd1 Nxe5 24. Nd4 Kf6 25. Nf1 Rfd8 26. Raa1 Bxd4 
27. cxd4 Nc4 28. b3 Nb6 29. Rd2 Nd5 30. Bd3 Rd7 31. Bc4 Rad8 32. Ne3 Nxe3 
33. fxe3 c5 34. Bxe6 Kxe6 35. Rad1 Rd6 36. Kf2 cxd4 37. exd4 Kf6 38. d5 Rc8 
39. Rd3 Rc2+ 40. Kf1 b6 41. Re1 Rc8 42. Red1 Rcd8 43. Kf2 Kg5 44. R1d2 h5 
45. Rd4 R8d7 46. Ke3 Re7+ 47. Kd3 Rc7 48. Ke3 Rc3+ 49. R4d3 Rc7 50. Kd4 Re7 
51. Kc4 Rc7+ 52. Kb5 Rc5+ 53. Ka6 Rc8 54. Rd4 Ra8+ 55. Kb7 Rad8 56. R2d3 R8d7+ 
57. Ka6 Kg6 58. Rd1 Kf7 59. Kb5 Kf6 60. Ka6 Re7 61. Rc4 Re3 62. Rc6 Ke5 
63. Rc8 Rxd5 64. Re8+ Kf6 65. Rf8+ Ke5 66. Re8+ Kf6 67. Rf8+ Ke5 68. Re8+ 
1/2-1/2

[Event "Friday 12 January Rapid Engine Tour12+1 Rponds 9 Starts 1600 ST"]
[Site "Infinity Chess"]
[Date "2018.1.12"]
[Round "4"]
[White "RonWeasley"]
[Black "IronMan"]
[Result "1/2-1/2"]
[ECO "C55"]
[WhiteElo "2431"]
[BlackElo "2420"]
[WhiteEngine "BrainFish 060118_CTG"]
[BlackEngine "Stockfish SL FA PB BMI2"]
[EventType "Swiss"]
[WhiteTeam ""]
[BlackTeam ""]
[PlyCount "143"]
[TimeControl "720+1"]

1. e4 e5 2. Nf3 Nc6 3. Bc4 Nf6 4. d3 Bc5 5. c3 d6 6. Bg5 h6 7. Bh4 g5 8. Bg3 O-O 
9. O-O Na5 10. Bb5 Bb6 11. Re1 c5 12. Nbd2 Be6 13. Ba4 Rc8 14. Nf1 Nh5 
15. Ne3 Nf4 16. a3 Nc6 17. Bb5 Kg7 18. h3 Qf6 19. Bc4 Qg6 20. Bh2 Ne7 21. a4 Bc7 
22. a5 Rfd8 23. d4 exd4 24. Bxe6 fxe6 25. cxd4 d5 26. exd5 Nd3 27. d6 Bxd6 
28. Bxd6 Rxd6 29. Nc4 Rd5 30. Nce5 Nxe5 31. Nxe5 Qf5 32. Qb3 Rc7 33. Qc3 Ng6 
34. Nxg6 Kxg6 35. dxc5 Rcxc5 36. g4 Qf6 37. Qe3 Kg7 38. Rac1 Rxc1 39. Qxc1 Rd7 
40. Qc8 Re7 41. Qc5 a6 42. Qd6 e5 43. Rd1 e4 44. Qc5 e3 45. fxe3 Qe5 
46. Qxe5+ Rxe5 47. Rd7+ Kf6 48. Rxb7 Rxa5 49. Kf2 Ra1 50. Rh7 Kg6 51. Ra7 Ra2 
52. Rb7 a5 53. Kg3 a4 54. Ra7 Rxb2 55. Rxa4 Kf7 56. Ra5 Kf6 57. Ra4 Re2 
58. Kf3 Rh2 59. Ra6+ Kg7 60. Kg3 Rb2 61. Kf3 Kh7 62. Ra5 Kg6 63. Ra3 Rb4 
64. Ra2 Kg7 65. Rg2 h5 66. gxh5 Kh6 67. Rg4 Rb8 68. h4 Kxh5 69. Rxg5+ Kxh4 
70. Rg4+ Kh5 71. Rc4 Rf8+ 72. Rf4 1/2-1/2

[Event "Friday 12 January Rapid Engine Tour12+1 Rponds 9 Starts 1600 ST"]
[Site "Infinity Chess"]
[Date "2018.1.12"]
[Round "4"]
[White "Dovahkiin"]
[Black "Thinker"]
[Result "1/2-1/2"]
[ECO "A00"]
[WhiteElo "2446"]
[BlackElo "2448"]
[WhiteEngine "BrainFish_180106_x64_modern_CTG"]
[BlackEngine "BrainFish_180106_x64_modern_CTG"]
[EventType "Swiss"]
[WhiteTeam ""]
[BlackTeam ""]
[PlyCount "121"]
[TimeControl "720+1"]

1. e3 e5 2. e4 Nf6 3. Nc3 Bc5 4. Bc4 O-O 5. Nf3 d6 6. d3 c6 7. O-O h6 8. a4 Nbd7 
9. h3 Re8 10. Be3 b6 11. Bb3 a5 12. d4 Bb4 13. Ne2 exd4 14. Nfxd4 Qc7 15. c3 Bc5 
16. Ng3 d5 17. Ndf5 dxe4 18. Nh5 Bf8 19. Bd4 Re5 20. Nfg3 Bc5 21. Bxe5 Qxe5 
22. Nxf6+ Nxf6 23. Qd8+ Kh7 24. Kh1 Bb7 25. f4 Qxc3 26. bxc3 Rxd8 27. Rfd1 Re8 
28. Bxf7 Rf8 29. Bc4 Bc8 30. Ne2 h5 31. Nd4 h4 32. Nxc6 Nh5 33. Rd8 Rxd8 
34. Nxd8 Nxf4 35. Kh2 Bd6 36. Kg1 Kg6 37. Nc6 Bb7 38. Nd4 Kf6 39. Rb1 Bc5 
40. Kh2 e3 41. g3 hxg3+ 42. Kxg3 Ke5 43. h4 Nh5+ 44. Kh2 Bxd4 45. cxd4+ Kxd4 
46. Be2 Nf4 47. Rxb6 Bd5 48. Bb5 e2 49. Bxe2 Nxe2 50. Rg6 Kc5 51. Rxg7 Bf3 
52. Rf7 Nd4 53. Kg3 Bd1 54. Kf2 Kd6 55. Rg7 Ne6 56. Ra7 Bxa4 57. h5 Bc2 
58. Rxa5 Ke7 59. Ra6 Bf5 60. Kg3 Kf6 61. Kh4 1/2-1/2

[Event "Friday 12 January Rapid Engine Tour12+1 Rponds 9 Starts 1600 ST"]
[Site "Infinity Chess"]
[Date "2018.1.12"]
[Round "4"]
[White "KhalidOmar"]
[Black "Neoxium"]
[Result "1/2-1/2"]
[ECO "E10"]
[WhiteElo "2451"]
[BlackElo "2451"]
[WhiteEngine "Eman 1.61a 64-bit BMI2"]
[BlackEngine "Stockfish SL FA PB BMI2"]
[EventType "Swiss"]
[WhiteTeam ""]
[BlackTeam ""]
[PlyCount "114"]
[TimeControl "720+1"]

1. d4 Nf6 2. c4 e6 3. Nf3 d5 4. g3 Bb4+ 5. Bd2 Be7 6. Bg2 O-O 7. O-O Nbd7 
8. c5 b6 9. c6 Nb8 10. Qc2 a5 11. Rc1 Ba6 12. Bf4 Ne4 13. h4 a4 14. Na3 b5 
15. Nb1 Bc8 16. Nbd2 Nd6 17. b3 Qe8 18. Bxd6 Bxd6 19. e4 axb3 20. Nxb3 Ba3 
21. exd5 exd5 22. Ng5 g6 23. Bxd5 Bf5 24. Qd2 Bxc1 25. Rxc1 Na6 26. Re1 Qd8 
27. Re5 h6 28. Nxf7 Rxf7 29. Bxf7+ Kxf7 30. Qxh6 Qf6 31. Qh7+ Kf8 32. h5 Qg7 
33. hxg6 Bxg6 34. Qh4 Re8 35. Rxe8+ Bxe8 36. d5 Qf7 37. Nd4 Qxd5 38. Qf6+ Qf7 
39. Qh8+ Ke7 40. Qe5+ Kf8 41. Nf5 Qg6 42. Qe7+ Kg8 43. Qe5 Kh7 44. a3 Qg5 
45. f4 Qg6 46. Qe7+ Kg8 47. Qe4 Kh7 48. Qe7+ Bf7 49. Qh4+ Qh5 50. Qf6 Qd1+ 
51. Kh2 Qe2+ 52. Kg1 Qe1+ 53. Kh2 Qf2+ 54. Kh3 Qf1+ 55. Kh2 Qe2+ 56. Kg1 Qe1+ 
57. Kh2 Qe2+ 1/2-1/2

[Event "Friday 12 January Rapid Engine Tour12+1 Rponds 9 Starts 1600 ST"]
[Site "Infinity Chess"]
[Date "2018.1.12"]
[Round "4"]
[White "Time_bandit"]
[Black "Vimtiroba"]
[Result "1/2-1/2"]
[ECO "D05"]
[WhiteElo "2454"]
[BlackElo "2464"]
[WhiteEngine "asmFishW_2017-11-19_popcnt"]
[BlackEngine "AsmFish@J10V3_CTG"]
[EventType "Swiss"]
[WhiteTeam ""]
[BlackTeam ""]
[PlyCount "133"]
[TimeControl "720+1"]

1. d4 d5 2. Nf3 Nf6 3. e3 e6 4. Bd3 c5 5. b3 Nc6 6. O-O Be7 7. Nbd2 O-O 
8. Bb2 b6 9. a3 Bb7 10. Ne5 h6 11. Nxc6 Bxc6 12. Nf3 Bb7 13. Qe2 Bd6 14. Ne5 Qe7 
15. a4 Qc7 16. f4 Rac8 17. a5 bxa5 18. Qe1 c4 19. bxc4 dxc4 20. Nxc4 Bb4 
21. Qe2 Nd5 22. Ne5 Nc3 23. Bxc3 Qxc3 24. Qg4 Be4 25. Rfd1 Bd6 26. Nd7 Bf5 
27. Qe2 Rfd8 28. Ne5 Rc7 29. Qd2 Qxd2 30. Rxd2 Bb4 31. Rdd1 g5 32. fxg5 hxg5 
33. Nc4 Bxd3 34. cxd3 f5 35. Nxa5 f4 36. Ra4 Bc3 37. Kf2 Rd5 38. Nb3 Rb5 
39. Nc5 fxe3+ 40. Kxe3 Bxd4+ 41. Rxd4 Rcxc5 42. Rd7 a5 43. Rf1 Re5+ 44. Kd4 a4 
45. Rc1 Red5+ 46. Rxd5 Rxd5+ 47. Kc4 Rd7 48. Ra1 Ra7 49. Kb4 Rd7 50. Rxa4 Rd4+ 
51. Kb3 Rxd3+ 52. Kb2 Rd2+ 53. Kc3 Rxg2 54. Ra7 Rxh2 55. Re7 Rh6 56. Kd3 g4 
57. Rb7 Rf6 58. Ke3 Rf3+ 59. Ke2 Rf4 60. Ke3 Rf3+ 61. Ke2 Rf4 62. Ke3 Rf6 
63. Rb2 Kf7 64. Rg2 Rg6 65. Kf2 g3+ 66. Rxg3 Rxg3 67. Kxg3 1/2-1/2

[Event "Friday 12 January Rapid Engine Tour12+1 Rponds 9 Starts 1600 ST"]
[Site "Infinity Chess"]
[Date "2018.1.12"]
[Round "4"]
[White "Eman"]
[Black "Cepri"]
[Result "1/2-1/2"]
[ECO "D00"]
[WhiteElo "2466"]
[BlackElo "2461"]
[WhiteEngine "Eman 1.61a 64-bit POPCNT"]
[BlackEngine "BrainFish_180106_x64"]
[EventType "Swiss"]
[WhiteTeam ""]
[BlackTeam ""]
[PlyCount "59"]
[TimeControl "720+1"]

1. d4 d5 2. e3 Nf6 3. c4 e6 4. Nf3 b6 5. Be2 Bd6 6. b3 O-O 7. O-O Nbd7 
8. Bb2 Bb7 9. Nc3 a6 10. a4 c5 11. cxd5 exd5 12. Bd3 Re8 13. Rc1 Rb8 14. Bf5 Qe7 
15. Re1 Rbd8 16. Bh3 h6 17. Ne2 h5 18. dxc5 bxc5 19. Nf4 d4 20. Nd3 dxe3 
21. Rxe3 Qf8 22. Rxe8 Qxe8 23. Qc2 Qe4 24. Re1 Qh7 25. Qc3 Ng4 26. Qa5 Rb8 
27. Qd2 Rd8 28. Qa5 Rc8 29. Qd2 Rd8 30. Qa5 1/2-1/2

[Event "Friday 12 January Rapid Engine Tour12+1 Rponds 9 Starts 1600 ST"]
[Site "Infinity Chess"]
[Date "2018.1.12"]
[Round "4"]
[White "Katzenmaier"]
[Black "Wolle"]
[Result "1/2-1/2"]
[ECO "C26"]
[WhiteElo "2484"]
[BlackElo "2471"]
[WhiteEngine "S_XPrO.251117.x64.POPCNT_CTG"]
[BlackEngine "Raubfisch X37a2_CTG"]
[EventType "Swiss"]
[WhiteTeam ""]
[BlackTeam ""]
[PlyCount "95"]
[TimeControl "720+1"]

1. e4 e5 2. Nc3 Nf6 3. g3 Bc5 4. Bg2 Nc6 5. d3 a5 6. Nge2 O-O 7. O-O d6 8. h3 h6 
9. Kh2 Re8 10. f4 Bd7 11. f5 Nd4 12. g4 b5 13. Nxd4 exd4 14. Nd5 Nh7 15. Nf4 c6 
16. Ne2 Bb6 17. Bf4 d5 18. Qd2 dxe4 19. dxe4 c5 20. e5 Rc8 21. Ng3 b4 22. a3 Bc6 
23. Bxc6 Rxc6 24. Qg2 Qd7 25. Rae1 Bc7 26. Re2 bxa3 27. bxa3 c4 28. e6 fxe6 
29. fxe6 Rexe6 30. Rxe6 Qxe6 31. Nf5 Rc5 32. Bxc7 Rxc7 33. Nxd4 Qe8 34. Qd5+ Kh8 
35. Qxa5 Re7 36. Qc5 Ng5 37. a4 Qb8+ 38. Kh1 Re8 39. Qb5 Qd8 40. a5 Qe7 
41. h4 Qe3 42. hxg5 Qh3+ 43. Kg1 Qxg4+ 44. Kh1 Qh4+ 45. Kg2 Qg4+ 46. Kh1 Qh5+ 
47. Kg1 Qg4+ 48. Kh1 1/2-1/2

[Event "Friday 12 January Rapid Engine Tour12+1 Rponds 9 Starts 1600 ST"]
[Site "Infinity Chess"]
[Date "2018.1.12"]
[Round "4"]
[White "THE_MACHINE"]
[Black "Marsell"]
[Result "1/2-1/2"]
[ECO "C55"]
[WhiteElo "2482"]
[BlackElo "2489"]
[WhiteEngine "Houdini 6"]
[BlackEngine "asmFishW_2018-01-11_popcnt"]
[EventType "Swiss"]
[WhiteTeam ""]
[BlackTeam ""]
[PlyCount "120"]
[TimeControl "720+1"]

1. e4 e5 2. Nf3 Nc6 3. Bc4 Nf6 4. d3 Bc5 5. O-O d6 6. c3 O-O 7. h3 a6 8. Re1 Ba7 
9. a4 h6 10. Nbd2 Re8 11. b4 Be6 12. Bxe6 Rxe6 13. Qc2 Qd7 14. Rb1 Ree8 
15. Nf1 b5 16. Ra1 d5 17. Be3 Bxe3 18. Nxe3 Rad8 19. Rec1 Re6 20. Rd1 Ree8 
21. Rac1 Qe6 22. Nd2 Ne7 23. Nb3 bxa4 24. Nc5 Qc6 25. Ra1 a5 26. Rxa4 Ra8 
27. Rda1 axb4 28. cxb4 Rxa4 29. Rxa4 Rb8 30. Kh2 Rb6 31. Qa2 Kh7 32. Qa3 Ng6 
33. f3 Ne7 34. Qa1 Qd6 35. f4 Rxb4 36. Rxb4 Qxc5 37. Qe1 exf4 38. Nxd5 Nexd5 
39. exd5 f3 40. gxf3 Nxd5 41. Re4 f5 42. Re5 Qd4 43. Rxf5 Ne3 44. Rb5 Qf4+ 
45. Kg1 Nf5 46. Ra5 Qg5+ 47. Kf1 Qf4 48. Rxf5 Qxf5 49. Qe4 Qxe4 50. fxe4 Kg6 
51. d4 Kf6 52. Kf2 g5 53. Ke3 h5 54. e5+ Ke6 55. Ke2 Kd5 56. Ke3 g4 
57. hxg4 hxg4 58. Kf4 g3 59. Kxg3 c5 60. e6 Kxe6 1/2-1/2

[Event "Friday 12 January Rapid Engine Tour12+1 Rponds 9 Starts 1600 ST"]
[Site "Infinity Chess"]
[Date "2018.1.12"]
[Round "4"]
[White "neófito"]
[Black "Deep_Impact"]
[Result "1/2-1/2"]
[ECO "D45"]
[WhiteElo "2422"]
[BlackElo "2508"]
[WhiteEngine "BrainFish_180106_x64_bmi2_CTG"]
[BlackEngine "BrainFish_171226_x64_modern"]
[EventType "Swiss"]
[WhiteTeam ""]
[BlackTeam ""]
[PlyCount "51"]
[TimeControl "720+1"]

1. d4 d5 2. c4 e6 3. Nc3 Nf6 4. Nf3 c6 5. e3 Nbd7 6. Qc2 Bd6 7. b3 O-O 8. Be2 b6 
9. O-O Bb7 10. Bb2 Re8 11. Rfe1 Rc8 12. e4 c5 13. exd5 exd5 14. Nxd5 Nxd5 
15. cxd5 cxd4 16. Qd2 Nf6 17. Bb5 Rxe1+ 18. Rxe1 Bxd5 19. Ba6 Bxf3 20. Bxc8 Qxc8 
21. gxf3 Qh3 22. f4 Qg4+ 23. Kf1 Qh3+ 24. Kg1 Qg4+ 25. Kf1 Qh3+ 26. Kg1 1/2-1/2

[Event "Friday 12 January Rapid Engine Tour12+1 Rponds 9 Starts 1600 ST"]
[Site "Infinity Chess"]
[Date "2018.1.12"]
[Round "4"]
[White "Murx"]
[Black "Harry_Potter"]
[Result "1/2-1/2"]
[ECO "E10"]
[WhiteElo "2472"]
[BlackElo "2513"]
[WhiteEngine "BrainFish_171226_x64_modern"]
[BlackEngine "asmFishW_2018-01-11_bmi2_CTG"]
[EventType "Swiss"]
[WhiteTeam ""]
[BlackTeam ""]
[PlyCount "86"]
[TimeControl "720+1"]

1. d4 Nf6 2. c4 e6 3. Nf3 d5 4. Nc3 Be7 5. Bf4 O-O 6. e3 Nbd7 7. c5 Nh5 
8. Bd3 b6 9. b4 Nxf4 10. exf4 c6 11. O-O a5 12. a3 Ba6 13. g3 Qc7 14. Bxa6 Rxa6 
15. Qe2 Raa8 16. Rfb1 g6 17. Na4 axb4 18. axb4 Ra7 19. Kg2 Bf6 20. Ne5 b5 
21. Nb2 Rfa8 22. Rxa7 Rxa7 23. Nbd3 Bg7 24. h4 Ra4 25. Nxd7 Qxd7 26. Ne5 Qc7 
27. h5 Bxe5 28. fxe5 Qe7 29. hxg6 fxg6 30. Qd2 Ra3 31. Re1 Qf7 32. Re3 Rxe3 
33. Qxe3 Qf5 34. Qf3 Kg7 35. g4 Qxf3+ 36. Kxf3 h5 37. g5 Kf7 38. Kg3 Ke7 
39. f4 Kd7 40. Kh4 Ke8 41. Kg3 Kd7 42. Kf3 Ke7 43. Kg3 Kd7 1/2-1/2